 Dungeon Crawl Stone Soup version 0.29.1-15-g9cfb28693d (webtiles) character file.

Game seed: 13957685853329036339

368 protoss039 the Digger (level 6, 0/47 HPs)
             Began as a Demonspawn Earth Elementalist on Mar 12, 2023.
             Slain by Pikel
             ... wielding a +1 whip of flaming
              (6 damage)
             ... on level 4 of the Dungeon.
             The game lasted 00:04:57 (4931 turns).

protoss039 the Digger (DsEE)                        Turns: 4931, Time: 00:04:57

Health: 0/47       AC:  8    Str:  9      XL:     6   Next: 41%
Magic:  8/11       EV: 10    Int: 17 (18) God:
Gold:   274        SH:  0    Dex: 18 (19) Spells: 9/12 levels left

rFire   . . .      SeeInvis .   y - +2 dagger (venom)
rCold   . . .      Faith    .   (no shield)
rNeg    . . .      Spirit   .   o - +0 ring mail
rPois   .          Reflect  .   (no helmet)
rElec   .          Harm     .   (no cloak)
rCorr   .          Rampage  .   (no gloves)
Will    +....                   x - +0 pair of boots
Stlth   +.........              (no amulet)
HPRegen 0.15/turn               e - +6 ring of dexterity
MPRegen 0.12/turn               p - ring of willpower

@: very slightly contaminated
A: thin metallic scales 1, powered by pain 1
a: no special abilities


You were on level 4 of the Dungeon.
You visited 1 branch of the dungeon, and saw 4 of its levels.

You collected 274 gold pieces.

Inventory:

Hand Weapons
 d - a +0 sling
 y - a +2 dagger of venom (weapon)
Missiles
 j - a throwing net
Armour
 o - a +0 ring mail (worn)
 x - a +0 pair of boots (worn)
Magical Staves
 t - a staff of conjuration
 v - a staff of earth
Jewellery
 e - a +6 ring of dexterity (left hand)
 p - a ring of willpower (right hand)
Scrolls
 a - a scroll of noise {unknown}
 f - a scroll of enchant armour {unknown}
 g - 2 scrolls of blinking {unknown}
 i - 2 scrolls of teleportation
 k - a scroll of vulnerability {unknown}
 l - 3 scrolls of identify {unknown}
 n - a scroll of fear {unknown}
 s - a scroll of amnesia {unknown}
 u - a scroll of magic mapping {unknown}
 w - a scroll of enchant weapon {unknown}
Potions
 b - a potion of magic
 c - a potion of berserk rage {unknown}
 h - a potion of degeneration
 m - a potion of might {unknown}
 q - a potion of haste {unknown}


   Skills:
 + Level 3.4 Fighting
 + Level 0.8 Armour
 - Level 1.7 Dodging
 - Level 1.7 Stealth
 + Level 3.8 Spellcasting
 + Level 1.0 Conjurations
 - Level 0.8 Transmutations
 + Level 4.2 Earth Magic


You had 9 spell levels left.
You knew the following spells:

 Your Spells              Type           Power      Damage    Failure   Level
a - Sandblast             Erth           34%        2d9       8%          1
b - Passwall              Tmut/Erth      10%        N/A       24%         2

Your spell library contained the following spells:

 Spells                   Type           Power      Damage    Failure   Level
 Stone Arrow              Conj/Erth      24%        3d8       41%         3
 Ensorcelled Hibernation  Hex/Ice        6%         N/A       56%         2
 Swiftness                Air            3%         N/A       80%         3
 Petrify                  Tmut/Erth      12%        N/A       83%         4


Dungeon Overview and Level Annotations

Branches:
Dungeon (4/15) Zot: 18984  Temple (0/1) D:4

Altars:
Ashenzari

Shops:
D:3 =

Annotations:
D:4 Pikel


Innate Abilities, Weirdness & Mutations

You are partially covered in thin metallic scales. (AC +2)
You sometimes gain a little power by taking damage.


Message History

Pikel hits you with a +1 whip of flaming.
Pikel burns you.
Unknown command.
Casting: Sandblast (safe; 8% risk of failure)
Confirm with . or Enter, or press ? or * to list all spells.
You don't know that spell.
Casting: Sandblast (safe; 8% risk of failure)
Confirm with . or Enter, or press ? or * to list all spells.
Aiming: Sandblast (safe; 8% risk of failure)
Press: ? - help, Shift-Dir - straight line, f - Pikel
Aim: Pikel, wielding a +1 whip of flaming, wearing a +0 robe and carrying a wand of iceblast (4) (heavily wounded, extremely poisoned, 77% to hit)
The blast of sand hits Pikel but does no damage.
Pikel is heavily wounded.
Pikel misses you.
A lemure comes into view.
Casting: Sandblast (safe; 8% risk of failure)
Confirm with . or Enter, or press ? or * to list all spells.
Aiming: Sandblast (safe; 8% risk of failure)
Press: ? - help, Shift-Dir - straight line, f/p - Pikel
Aim: Pikel, wielding a +1 whip of flaming, wearing a +0 robe and carrying a wand of iceblast (4) (heavily wounded, extremely poisoned, 77% to hit)
You miscast Sandblast.
You are very lightly contaminated with residual magic.
Nothing appears to happen.
Pikel hits you with a +1 whip of flaming.
* * * LOW HITPOINT WARNING * * *
Pikel burns you.
* * * LOW HITPOINT WARNING * * *
Casting: Sandblast (safe; 8% risk of failure)
Confirm with . or Enter, or press ? or * to list all spells.
Aiming: Sandblast (safe; 8% risk of failure)
Press: ? - help, Shift-Dir - straight line, f/p - Pikel
Aim: Pikel, wielding a +1 whip of flaming, wearing a +0 robe and carrying a wand of iceblast (4) (severely wounded, very poisoned, 77% to hit)
The blast of sand hits Pikel but does no damage.
Pikel is severely wounded.
Pikel hits you with a +1 whip of flaming.
* * * LOW HITPOINT WARNING * * *
Pikel burns you.
* * * LOW HITPOINT WARNING * * *
Pikel hits you with a +1 whip of flaming.
You die...

#..<........###
............#######
##...............##
#.#####...........
#5# #.........##
#5# ###.......##
#5# #...[...## #K#
#.......## #@#
#.......##
#.################
#..........# #
#####......#
#......# #.#...##
... #.#...# ...
..#...# ...
####...## ..


You could see Pikel (very poisoned) and 3 lemures.

Vanquished Creatures
  Menkaure (D:4)
  A jelly (D:4)
  4 orc wizards (D:4)
  A gnoll (D:3)
  An adder (D:2)
  3 worms
  3 dart slugs
  8 orcs
  3 ball pythons
  6 bats
  6 endoplasms
  4 goblins
  7 hobgoblins
  7 jackals (D:1)
  5 kobolds
  3 quokkas
  A frilled lizard (D:2)
  7 rats
71 creatures vanquished.

Notes
Turn   | Place    | Note
-------+----------+-------------------------------------------
     0 | D:1      | protoss039 the Demonspawn Earth Elementalist began the
                  | quest for the Orb.
     0 | D:1      | Reached XP level 1. HP: 13/13 MP: 3/3
   100 | D:1      | Gained mutation: You sometimes gain a little power by
                  | taking damage. [demonic ancestry]
   100 | D:1      | Reached XP level 2. HP: 7/20 MP: 0/5
   342 | D:1      | Reached skill level 1 in Fighting
   553 | D:1      | Reached skill level 3 in Earth Magic
   927 | D:1      | Found a faded altar of an unknown god.
   957 | D:1      | Learned a level 2 spell: Passwall
   970 | D:2      | Reached XP level 3. HP: 26/26 MP: 6/6
  1314 | D:2      | You fall into a shaft and drop 2 floors!
  1475 | D:3      | Found Piefifi's Jewellery Shop.
  2163 | D:2      | Reached XP level 4. HP: 33/33 MP: 8/8
  3031 | D:3      | Found a broken altar of Ashenzari.
  3741 | D:4      | Gained mutation: You are partially covered in thin metallic
                  | scales. (AC +2) [demonic ancestry]
  3741 | D:4      | Reached XP level 5. HP: 31/39 MP: 5/9
  3799 | D:4      | HP: 1/40 [poisoned by a goblin]
  4211 | D:4      | Reached skill level 4 in Earth Magic
  4227 | D:4      | Noticed Pikel
  4233 | D:4      | Noticed a lemure
  4234 | D:4      | Noticed a lemure
  4528 | D:4      | Found a staircase to the Ecumenical Temple.
  4552 | D:4      | Noticed Menkaure
  4559 | D:4      | Killed Menkaure
  4560 | D:4      | Reached skill level 1 in Conjurations
  4560 | D:4      | Reached XP level 6. HP: 22/47 MP: 5/11
  4931 | D:4      | Slain by Pikel

Illustrated notes

Levels and vault maps discovered:
D:1:      onia_arrival_pentagram, layout_rooms,
          hellmonk_ecumenical_altar_inner_sanctum, grunt_decor_cap
D:2:      layout_basic
D:3:      layout_loops_cross, nicolae_ashenzari_panopticon, serial_shops,
          shop_statue, minmay_increasing_density
D:4:      layout_basic, temple_pool_b, uniq_menkaure, uniq_pikel

Skill      XL: |  1  2  3  4  5 |
---------------+----------------+-----
Fighting       | 1 2 3 |  3.4
Earth Magic    | 3 4 |  4.2
Spellcasting   | 3 |  3.8
Conjurations   | 1 |  1.0
Armour         | |  0.8
Dodging        | |  1.7
Stealth        | |  1.7
Transmutations | |  0.8

Action                   |  1- 3 |  4- 6 || total
-------------------------+-------+-------++-------
Melee: Unarmed           |     3 |       ||     3
       Dagger            |       |    26 ||    26
       Punch             |       |     1 ||     1
 Fire: Sling             |    87 |    26 ||   113
 Cast: Sandblast         |    26 |    37 ||    63
       Passwall          |       |     1 ||     1
  Use: Scroll            |       |     2 ||     2
       Potion            |       |     3 ||     3
Armor: Robe              |     6 |       ||     6
       Ring mail         |     5 |    26 ||    31
Dodge: Dodged            |    22 |    21 ||    43
